 Dungeon Crawl Stone Soup version 0.31-a0-524-g2a164cf6a2 (webtiles) character file.

Game seed: 14924119599446083779

6762 Conn the Thaumaturge (level 11, -1/65 HPs)
             Began as an Octopode Fire Elementalist on Aug 12, 2023.
             Was a Believer of Sif Muna.
             Slain by an unseen horror simulacrum (11 damage)
             ... on level 9 of the Dungeon.
             The game lasted 00:21:09 (10146 turns).

Conn the Thaumaturge (Octopode Fire Elementalist)  Turns: 10146, Time: 00:21:09

Health: -1/65      AC:  1    Str:  8    XL:     11   Next: 4%
Magic:  1/25       EV: 14    Int: 21    God:    Sif Muna [**....]
Gold:   388        SH:  0    Dex: 13    Spells: 20/30 levels left

rFire   . . .        f - +8 whip "Snakebite" {venom, curare, rPois}
rCold   . . .        (no shield)
rNeg    . . .        (helmet restricted)
rPois   +            G - amulet of regeneration
rElec   .            b - ring of flight
rCorr   .            F - ring of wizardry
SInv    .            (no ring)
Will    .....        (no ring)
Stlth   ++++         (no ring)
HPRegen 1.10/turn    (no ring)
MPRegen 0.19/turn    (no ring)
                     (no ring)

%: wizardry (x1)
@: flying
A: almost no armour, amphibious, 8 rings, camouflage 1, gelatinous body 1,
(nimble swimmer 1), tentacles
a: Renounce Religion, Channel Magic


You were on level 9 of the Dungeon.
You worshipped Sif Muna.
Sif Muna was pleased with you.
You visited 2 branches of the dungeon, and saw 12 of its levels.
You also visited: Ossuary.

You collected 388 gold pieces.

Inventory:

Hand Weapons
 c - a +0 dagger
 f - the +8 whip "Snakebite" (weapon) {venom, curare, rPois}
   (You found it on level 2 of the Dungeon)

   rPois:     It protects you from poison
Missiles
 s - 6 poisoned darts
 w - 6 curare-tipped darts
Jewellery
 b - a ring of flight (left tentacle)
 F - a ring of wizardry (right tentacle)
 G - an amulet of regeneration (around mantle)
Wands
 z - a wand of roots (9)
Scrolls
 a - 2 scrolls of vulnerability {unknown}
 e - 8 scrolls of teleportation {unknown}
 g - 5 scrolls of identify {unknown}
 h - 3 scrolls of noise {unknown}
 i - 5 scrolls of fog {unknown}
 p - 3 scrolls of fear {unknown}
 t - a scroll of acquirement {unknown}
 u - a scroll of brand weapon {unknown}
 v - 3 scrolls of blinking {unknown}
 x - a scroll of enchant weapon {unknown}
 y - 2 scrolls of amnesia {unknown}
 A - 2 scrolls of immolation {unknown}
 B - 3 scrolls of enchant armour {unknown}
Potions
 d - 2 potions of curing
 j - 2 potions of mutation {unknown}
 k - a potion of might {unknown}
 l - a potion of brilliance {unknown}
 m - a potion of enlightenment {unknown}
 n - 3 potions of degeneration {unknown}
 o - a potion of cancellation {unknown}
 q - 2 potions of heal wounds {unknown}
 r - 2 potions of invisibility
 C - a potion of ambrosia {unknown}
 D - a potion of magic
 E - a potion of resistance {unknown}


   Skills:
 + Level 2.4 Fighting
 + Level 3.1 Maces & Flails
 + Level 3.7 Dodging
 - Level 6.0 Stealth
 * Level 10.1 Spellcasting
 * Level 6.8 Conjurations
 + Level 0.8 Hexes
 + Level 8.7 Fire Magic


You had 20 spell levels left.
You knew the following spells:

 Your Spells              Type           Power      Damage    Failure   Level
a - Foxfire               Conj/Fire      100%       2x1d9     1%          1
b - Scorch                Fire           94%        2d8       1%          2
c - Inner Flame           Hex/Fire       30%        N/A       1%          3
d - Flame Wave            Conj/Fire      43%        2d11      1%          4

Your spell library contained the following spells:

 Spells                   Type           Power      Damage    Failure   Level
 Volatile Blastmotes      Fire/Tloc      56%        2d14      1%          3


Dungeon Overview and Level Annotations

Branches:
Dungeon (11/15)            Temple (1/1) D:6         Ossuary (visited)
   Lair: D:8-11         Orc: D:9-12

Altars:
Ashenzari
Cheibriados
Dithmenos
Elyvilon
Fedhas
Gozag
Hepliaklqana
Kikubaaqudgha
Makhleb
Nemelex Xobeh
Okawaru
Qazlal
Sif Muna
Trog
Xom
Yredelemnul
Zin
The Shining One

Annotations:
D:7 2 transporters, ouz's ghost, novice DsSh
D:8 Psyche


Innate Abilities, Weirdness & Mutations

You cannot wear most types of armour.
You are amphibious.
You can wear up to eight rings at the same time.
Your skin changes colour to match your surroundings (Stealth+).
Your rubbery body absorbs attacks. (AC +1, EV +1)
((You are camouflaged when in or above water. (Stealth+)))
You have tentacles for arms and can constrict up to eight enemies at once.


Message History

You kill the orc warrior!
Sif Muna accepts your kill.
Casting: Foxfire (safe; 1% risk of failure)
Confirm with . or Enter, or press ? or * to list all spells.
You conjure some foxfire!
The foxfire hits the polar bear but does no damage.
Unknown command.
You closely miss the polar bear.
The foxfire hits the polar bear but does no damage.
Unknown command.
You barely miss the polar bear. The polar bear bites you!
The polar bear claws you. x2
Unknown command.
You hit the polar bear.
The polar bear is poisoned.
The polar bear convulses.
The polar bear seems to slow down.
The polar bear is moderately wounded.
The polar bear completely misses you. The polar bear barely misses you. x2
You hit the polar bear.
The polar bear looks as sick as possible!
The polar bear is moderately wounded.
The polar bear bites you. The polar bear claws you.
The polar bear closely misses you.
Unknown command.
You closely miss the polar bear.
The polar bear is heavily wounded.
Unknown command.
You closely miss the polar bear.
The polar bear is heavily wounded.
The polar bear barely misses you. x2; The polar bear claws you.
The unseen horror simulacrum hits you.
The unseen horror simulacrum freezes you!
You barely miss the unseen horror simulacrum.
Your grab misses the unseen horror simulacrum.
The unseen horror simulacrum hits you.
The unseen horror simulacrum freezes you!
* * * LOW HITPOINT WARNING * * *
The unseen horror simulacrum hits you.
* * * LOW HITPOINT WARNING * * *
The unseen horror simulacrum freezes you!
You die...

.. ###### ......##.... ...##
#....######.....#####
...#.###................#..#
................##...#...#..
.#..........##.....#..###.
~..~...###.>................>.###
~~~~~..# ##...................#
≈~~≈~..# ##.#.hZ............##
~~~~S5.# ##.#.)@............#
~~~~~..# #..#...........##..#
.~~~...# #.##.......#...#####
.~....T# ##.##......##....#
.......###..#....#.###...##
.....5Yh...##...####
##############..# ###


You could see a polar bear (very poisoned, slow) and an unseen horror
simulacrum.

Vanquished Creatures
  Pikel (D:6)
  A cyclops (D:11)
  Joseph (D:7)
  A hornet (D:8)
  Prince Ribbit (D:7)
  Grinder (D:3)
  A wyvern (D:7)
  6 yaks (D:9)
  A steam dragon (D:7)
  Menkaure (D:5)
  An acid dragon (D:6)
  2 water moccasins
  4 ice beasts
  3 orc warriors
  2 sky beasts
  2 black bears
  2 wolves (D:9)
  2 centaurs
  A lemure (D:6)
  A phantom (D:7)
  4 bullfrogs
  2 scorpions (D:7)
  4 wights (D:6)
  A howler monkey (D:5)
  6 jellies
  4 human zombies (Ossuary)
  3 hounds
  4 orc priests
  Crazy Yiuf (D:2)
  5 iguanas
  A sleepcap (D:5)
  Terence (D:3)
  11 orc wizards
  A centaur simulacrum (D:9)
  2 mummies (Ossuary)
  9 adders
  8 gnolls
  A shadow imp (D:7)
  2 white imps
  5 ufetubi
  An adder zombie (Ossuary)
  2 worms (D:2)
  3 dart slugs
  45 orcs
  11 endoplasms
  4 giant cockroaches
  6 goblins
  8 hobgoblins
  14 jackals
  2 quokkas (D:2)
  3 ball pythons
  5 bats
  5 frilled lizards
  4 goblin zombies (Ossuary)
  7 hobgoblin zombies (Ossuary)
  A jackal zombie (Ossuary)
  7 kobolds
  10 kobold zombies (Ossuary)
  10 orc zombies (Ossuary)
  4 rats
262 creatures vanquished.

Vanquished Creatures (others)
  435 foxfires
435 creatures vanquished.

Grand Total: 697 creatures vanquished

Notes
Turn   | Place    | Note
-------+----------+-------------------------------------------
     0 | D:1      | Conn the Octopode Fire Elementalist began the quest for the
                  | Orb.
     0 | D:1      | Reached XP level 1. HP: 11/11 MP: 3/3
   294 | D:1      | Reached XP level 2. HP: 16/17 MP: 5/5
   737 | D:1      | Reached XP level 3. HP: 21/21 MP: 6/6
   935 | D:2      | Found the +8 whip "Snakebite" {venom, curare, rPois}
   940 | D:2      | Found a runed translucent door.
   948 | D:2      | Learned a level 2 spell: Scorch
   952 | D:2      | Learned a level 3 spell: Inner Flame
   954 | D:2      | Noticed Crazy Yiuf
  1294 | D:2      | Reached XP level 4. HP: 27/27 MP: 3/7
  1877 | D:2      | Killed Crazy Yiuf
  1878 | D:2      | Reached XP level 5. HP: 32/32 MP: 1/8
  2057 | D:3      | Noticed Terence
  2067 | D:3      | Killed Terence
  2382 | D:3      | Noticed Grinder
  2390 | D:3      | Killed Grinder
  2391 | D:3      | Reached skill level 5 in Stealth
  2391 | D:3      | Reached skill level 3 in Spellcasting
  2391 | D:3      | Reached XP level 6. HP: 36/37 MP: 6/11
  3038 | D:4      | Noticed a black bear
  3052 | D:4      | Killed a black bear
  3053 | D:4      | Reached XP level 7. HP: 29/42 MP: 1/12
  3089 | D:4      | Reached skill level 4 in Spellcasting
  3271 | D:4      | Found a sand-covered staircase.
  3276 | Ossuary  | Entered an ossuary
  3520 | Ossuary  | Reached skill level 1 in Maces & Flails
  3667 | Ossuary  | Reached skill level 1 in Fighting
  3671 | Ossuary  | Reached skill level 5 in Fire Magic
  3815 | Ossuary  | Learned a level 4 spell: Flame Wave
  4329 | D:5      | Entered Level 5 of the Dungeon
  4353 | D:5      | Reached XP level 8. HP: 28/48 MP: 11/15
  4376 | D:5      | Reached skill level 5 in Spellcasting
  4659 | D:5      | Noticed Menkaure
  4664 | D:5      | Killed Menkaure
  5633 | D:6      | Reached skill level 6 in Spellcasting
  5910 | D:6      | Reached XP level 9. HP: 54/54 MP: 11/18
  6384 | D:6      | Reached skill level 7 in Spellcasting
  6664 | D:6      | Found a staircase to the Ecumenical Temple.
  6737 | Temple   | Entered the Ecumenical Temple
  6743 | Temple   | Became a worshipper of Sif Muna the Loreminder
  7330 | D:7      | Noticed Pikel
  7330 | D:7      | Noticed Joseph
  7347 | D:6      | HP: 1/54 [Pikel/+2 whip of flaming (4)]
  7356 | D:6      | Killed Pikel
  7357 | D:6      | Reached skill level 8 in Spellcasting
  7713 | D:7      | Noticed Prince Ribbit
  7723 | D:7      | Killed Prince Ribbit
  7724 | D:7      | Reached skill level 5 in Conjurations
  7909 | D:7      | Reached XP level 10. HP: 60/60 MP: 10/22
  8189 | D:7      | Found a transporter.
  8191 | D:7      | Noticed a kobold demonologist
  8206 | D:7      | Noticed ouz's ghost (novice DsSh)
  8230 | D:7      | Found a transporter.
  8237 | D:7      | Reached skill level 9 in Spellcasting
  8253 | D:7      | Killed Joseph
  8967 | D:8      | Reached * piety under Sif Muna
  9435 | D:8      | Noticed Psyche
  9442 | D:8      | You are sucked into a shaft and drop 3 floors!
  9477 | D:11     | Noticed a cyclops
  9492 | D:11     | Killed a cyclops
  9615 | D:10     | Entered Level 10 of the Dungeon
 10117 | D:9      | Reached ** piety under Sif Muna
 10124 | D:9      | Reached skill level 10 in Spellcasting
 10127 | D:9      | Reached XP level 11. HP: 52/65 MP: 2/25
 10146 | D:9      | Slain by an unseen horror simulacrum

Illustrated notes

Levels and vault maps discovered:
D:1:      minmay_arrival_nine_rooms, layout_basic
D:2:      layout_loops_cross, uniq_crazy_yiuf_cottage
D:3:      layout_basic, uniq_grinder, uniq_terence
D:4:      layout_loops_ring, lightli_ossuary_entry_decrepit_ruins,
          item_on_display_a
D:5:      layout_basic, solitary_fountain, uniq_menkaure
D:6:      layout_basic, minmay_temple_entry_statues_pillars,
          nicolae_houndstooth_variations
D:7:      dreamdust_elfheim, layout_loops_ring, gammafunk_ghost_arena,
          uniq_pikel, uniq_prince_ribbit1, uniq_joseph
D:8:      layout_rooms, nicolae_straight_to_the_point, uniq_psyche, uniq_maurice
D:9:      kennysheep_blocky_hall, layout_cave_pools, david_orc_3, serial_ice,
          serial_ice_k, serial_ice_g, serial_ice_m, serial_ice_e, serial_ice_b,
          serial_ice_a, serial_ice_d, serial_ice_f, minmay_statue_bubble,
          uniq_erica
D:10:     layout_roguey, chequers_temple_overflow_statue_of_worship,
          erik_lair_island, the_hattery
D:11:     layout_roguey, uniq_harold
Temple:   dpeg_three_leaves_temple

Skill      XL: |  1  2  3  4  5  6  7  8  9 10 |
---------------+-------------------------------+-----
Stealth        | 3 4 5 6 |  6.0
Fire Magic     | 4 5 7 8 |  8.7
Conjurations   | 2 3 4 5 6 |  6.8
Spellcasting   | 3 4 6 8 10 | 10.1
Maces & Flails | 2 3 |  3.1
Fighting       | 1 2 |  2.4
Dodging        | 3 |  3.7
Hexes          | |  0.8

Action                     |  1- 3 |  4- 6 |  7- 9 | 10-12 || total
---------------------------+-------+-------+-------+-------++-------
  Melee: Dagger            |    32 |       |       |       ||    32
         Tentacles         |    10 |     1 |    31 |    13 ||    55
         Constrict         |    11 |     4 |    27 |    14 ||    56
         Whip              |    16 |    22 |   122 |    56 ||   216
         Punch             |       |       |     1 |     1 ||     2
   Cast: Foxfire           |    32 |    48 |   106 |    71 ||   257
         Scorch            |     2 |     9 |    46 |    19 ||    76
         Inner Flame       |       |     2 |     5 |     6 ||    13
         Flame Wave        |       |       |     6 |     6 ||    12
    Use: Potion            |     1 |     1 |     5 |       ||     7
   Stab: Sleeping          |     8 |     9 |    15 |     5 ||    37
         Invisible         |       |       |     4 |       ||     4
         Distracted        |       |       |       |     1 ||     1
 Armour: Skin              |     6 |     2 |     8 |     1 ||    17
  Dodge: Dodged            |    17 |    13 |    94 |    47 ||   171

Table legend: (Time is in decaauts)
 A = Elapsed time spent in this place.
 B = Non-inter-level travel time spent in this place.
 C = Inter-level travel time spent in this place.
 D = Time resting spent in this place.
 E = Time spent auto-exploring this place.
 F = Levels seen in this place.
 G = Mean time per level.
                   A        B        C        D        E       F      G
               +--------+--------+--------+--------+--------+-----+--------+
         Total |  10147 |   9913 |    234 |    502 |   6868 |  13 |  780.5 |
       Dungeon |   9591 |   9357 |    234 |    245 |   6861 |  11 |  871.9 |
        Temple |     13 |     13 |      0 |      0 |      0 |   1 |   13.0 |
       Ossuary |    542 |    542 |      0 |    257 |      7 |   1 |  542.0 |
               +--------+--------+--------+--------+--------+-----+--------+

Top non-repeatable levels by time:
     D:6: 1844 daAuts
     D:5: 1491 daAuts
     D:7: 1193 daAuts
     D:2: 1120 daAuts
     D:3: 1048 daAuts
     D:1: 839 daAuts
     D:4: 782 daAuts
     D:8: 569 daAuts
 Ossuary: 542 daAuts
     D:9: 525 daAuts
    D:11: 172 daAuts
  Temple: 13 daAuts
    D:10: 4 daAuts
